 Dungeon Crawl Stone Soup version 0.26.1-11-gd32895ea62 (webtiles) character file.

Game seed: 9921489085928679505

247 Kukuleta the Grave Robber (level 5, -1/31 (35) HPs)
             Began as a Demonspawn Necromancer on June 26, 2021.
             Slain by a wight
             ... wielding a +4 long sword of freezing
              (2 damage)
             ... on level 4 of the Dungeon.
             The game lasted 00:17:20 (4380 turns).

Kukuleta the Grave Robber (Demonspawn Necromancer)  Turns: 4380, Time: 00:17:20

HP:   -1/31 (35)    AC:  2    Str:  8    XL:     5   Next: 85%
MP:   10/10         EV: 12    Int: 17    God:
Gold: 156           SH:  0    Dex: 14    Spells: 2/11 levels left

rFire    . . .     SeeInvis .   k - +3 dagger (distort)
rCold    + . .     Faith    .   (no shield)
rNeg     . . .     Spirit   .   a - +0 robe
rPois    .         Reflect  .   (no helmet)
rElec    .         Harm     .   (no cloak)
rCorr    .         Rampage  .   (no gloves)
Will     .....                  (no boots)
Stlth    ++........             (no amulet)
HPRegen  0.10/turn              (no ring)
MPRegen  0.12/turn              (no ring)

@: heavily drained
A: hooves 2, cold resistance 1, demonic guardian 1
a: no special abilities


You were on level 4 of the Dungeon.
You visited 1 branch of the dungeon, and saw 4 of its levels.

You collected 156 gold pieces.

Inventory:

Hand Weapons
 f - a +0 club
 j - a +0 short sword
 k - a +3 dagger of distortion (weapon)
Armour
 a - a +0 robe (worn)
 h - a +0 cloak
Jewellery
 p - an uncursed ring of protection from cold
Scrolls
 e - a scroll of amnesia {unknown}
 g - 3 scrolls of remove curse
 i - a scroll of noise {unknown}
 l - a scroll of immolation {unknown}
 n - a scroll of fog {unknown}
 o - a scroll of enchant weapon
 q - a scroll of identify {unknown}
Potions
 b - a potion of brilliance
 c - a potion of flight {unknown}
 m - a potion of curing {unknown}
 r - a potion of berserk rage {unknown}


   Skills:
 + Level 1.9 Short Blades
 - Level 1.7 Dodging
 - Level 1.7 Stealth
 + Level 3.6 Spellcasting
 * Level 6.3 Necromancy


You had 2 spell levels left.
You knew the following spells:

 Your Spells              Type           Power        Failure   Level
a - Pain                  Necr           96%          1%          1
b - Animate Dead          Necr           12%          12%         4
c - Vampiric Draining     Necr           12%          3%          3
d - Animate Skeleton      Necr           48%          1%          1

Your spell library contained the following spells:

 Spells                   Type           Power        Failure   Level
 Agony                    Necr           24%          32%         5


Dungeon Overview and Level Annotations

Branches:
Dungeon (4/15)
 Temple: D:4-7

Altars:


Innate Abilities, Weirdness & Mutations

You have hoof-like feet.
Your flesh is cold resistant. (rC+)
A weak demonic guardian rushes to your aid.


Message History

Your quasit claws the wight but does no damage.
Your quasit barely misses the wight.
You closely miss the wight.
The wight is moderately damaged.
The wight hits you with a +4 long sword of freezing!
The wight freezes you.
Your iron imp hits the wight!
Your quasit bites the wight.
Your quasit closely misses the wight.
Your quasit barely misses the wight.
The wight hits you from afar with a +0 spear.
You closely miss the wight. You kick the wight, but do no damage.
The wight is moderately damaged.
Your iron imp disappears in a puff of smoke!
Your quasit bites the wight but does no damage.
Your quasit misses the wight.
Your quasit barely misses the wight.
The wight hits you with a +4 long sword of freezing!
* * * LOW HITPOINT WARNING * * *
You feel drained.
* * * LOW HITPOINT WARNING * * *
The wight freezes you.
You die...

.. .. #. .# #. #.
#.# ..#
#.##.####.# ...##
###.......#[# ....
..........#.##..#
.......@..#.....##
.....5#z.##.#.....
.?... ##.z§..#
....
#.5#..###########
...
#..#....#.......#
.. ##)#z##.#
#####.# . #.#.##.#
#<....#
#..z.#.#.####..#
#....#.#....#...


You could see 2 wights, a white imp and a friendly quasit (summoned).

Vanquished Creatures
  A wight (D:4)
  An orc priest (D:3)
  An orc wizard (D:3)
  A worker ant (D:3)
  2 adders
  2 worms (D:2)
  A dart slug (D:2)
  4 leopard geckos
  5 orcs (D:3)
  A ball python (D:3)
  3 bats
  6 giant cockroaches
  7 goblins
  5 hobgoblins
  6 jackals (D:2)
  2 quokkas (D:3)
  5 frilled lizards (D:2)
  8 kobolds
  7 rats
68 creatures vanquished.

Vanquished Creatures (collateral kills)
  An orc priest (D:3)
1 creature vanquished.

Grand Total: 69 creatures vanquished

Notes
Turn   | Place    | Note
-------+----------+-------------------------------------------
     0 | D:1      | Kukuleta the Demonspawn Necromancer began the quest for the
                  | Orb.
     0 | D:1      | Reached XP level 1. HP: 13/13 MP: 3/3
     2 | D:1      | Learned a level 1 spell: Animate Skeleton
   222 | D:1      | Gained mutation: You have large cloven feet. [demonic
                  | ancestry]
   222 | D:1      | Reached XP level 2. HP: 17/19 MP: 1/5
  1391 | D:2      | Reached skill level 5 in Necromancy
  1391 | D:2      | Gained mutation: A weak demonic guardian rushes to your
                  | aid. [demonic ancestry]
  1391 | D:2      | Reached XP level 3. HP: 23/24 MP: 5/7
  1418 | D:2      | Learned a level 3 spell: Vampiric Draining
  2345 | D:2      | Gained mutation: Your flesh is cold resistant. (rC+)
                  | [demonic ancestry]
  2345 | D:2      | Reached XP level 4. HP: 9/30 MP: 5/8
  2737 | D:3      | Reached skill level 1 in Short Blades
  3503 | D:3      | Gained mutation: You have hoof-like feet. [demonic
                  | ancestry]
  3503 | D:3      | Reached XP level 5. HP: 8/35 MP: 6/9
  3832 | D:3      | Reached skill level 6 in Necromancy
  4116 | D:3      | Learned a level 4 spell: Animate Dead
  4380 | D:4      | HP: 1/31 [wight/+4 long sword of freezing (1)]
  4380 | D:4      | Slain by a wight

Illustrated notes

Levels and vault maps discovered:
D:1:      lightli_arrival_boilingwater, layout_rooms, palyth_stone_intersect
D:2:      cheibrodos_helix_gallery, layout_basic
D:3:      layout_basic
D:4:      layout_basic, kennysheep_mini, uniq_blork_the_orc

Skill      XL: |  1  2  3  4  5 |
---------------+----------------+-----
Necromancy     | 5 6 |  6.3
Spellcasting   | 3 |  3.6
Short Blades   | 1 |  1.9
Dodging        | |  1.7
Stealth        | |  1.7

Action                   |  1- 3 |  4- 6 || total
-------------------------+-------+-------++-------
Melee: Unarmed           |     7 |       ||     7
       Kick              |    13 |     2 ||    15
       Club              |     5 |       ||     5
       Short sword       |     4 |       ||     4
       Dagger            |    56 |    29 ||    85
 Cast: Pain              |    51 |    27 ||    78
       Animate Skeleton  |     4 |       ||     4
       Vampiric Draining |     1 |     1 ||     2
  Use: Potion            |       |     3 ||     3
       Scroll            |       |     2 ||     2
 Stab: Sleeping          |     1 |       ||     1
Armor: Robe              |    11 |     1 ||    12
Dodge: Dodged            |    52 |    13 ||    65
